 Dungeon Crawl Stone Soup version 0.28-a0-1074-g3cb2360906 (webtiles) character file.

Game seed: 1832856484167136273

57 Analysis the Cudgeller (level 4, -3/29 HPs)
             Began as a Gargoyle Berserker on Dec 9, 2021.
             Was a Believer of Trog.
             Killed by divine providence
             ... invoked by an orc priest
              (11 damage)
             ... on level 2 of the Dungeon.
             The game lasted 00:07:06 (1696 turns).

Analysis the Cudgeller (Gargoyle Berserker)         Turns: 1696, Time: 00:07:07

Health: -3/29      AC: 10    Str: 23    XL:     4   Next: 0%
Magic:  4/4        EV: 11    Int:  7    God:    Trog [**....]
Gold:   67         SH:  0    Dex:  9    Spells: 3/3 levels left

rFire   . . .      SeeInvis .   a - +0 mace
rCold   . . .      Faith    .   (no shield)
rNeg    + . .      Spirit   .   e - +0 ring mail
rPois   ∞          Reflect  .   d - +0 helmet
rElec   +          Harm     .   (no cloak)
rCorr   .          Rampage  .   (no gloves)
Will    .....                   (no boots)
Stlth   ..........              j - amulet of the acrobat
HPRegen 0.09/turn               (no ring)
MPRegen 0.09/turn               (no ring)

@: invisible
A: sickness immunity, AC +3, negative energy resistance 1, electricity
resistance, torment resistance 1, petrification resistance
a: Renounce Religion, Berserk, Trog's Hand


You were on level 2 of the Dungeon.
You worshipped Trog.
Trog was pleased with you.
You visited 1 branch of the dungeon, and saw 3 of its levels.

You collected 67 gold pieces.

Inventory:

Hand Weapons
 a - a +0 mace (weapon)
Armour
 d - a +0 helmet (worn)
 e - a +0 ring mail (worn)
Jewellery
 j - an amulet of the acrobat (around neck)
Scrolls
 b - a scroll of torment {unknown}
 c - a scroll of identify {unknown}
 k - a scroll of magic mapping {unknown}
 m - a scroll of amnesia {unknown}
Potions
 f - a potion of curing {unknown}
 g - a potion of invisibility
 h - a potion of berserk rage {unknown}
 i - a potion of haste {unknown}
 l - a potion of mutation {unknown}


   Skills:
 + Level 3.8 Fighting
 * Level 4.0 Maces & Flails
 + Level 2.9 Armour
 - Level 1.5 Dodging


You had 3 spell levels left.
You didn't know any spells.
Your spell library was empty.

Dungeon Overview and Level Annotations

Branches:
Dungeon (3/15)

Altars:

Shops:
D:1 (

Annotations:
D:2 Sigmund


Innate Abilities, Weirdness & Mutations

You are immune to sickness and miasma.
Your stone body is resilient. (AC +3)
You are immune to poison.
You resist negative energy. (rN+)
You are resistant to electric shocks. (rElec)
You are resistant to unholy torment.
You are immune to petrification.


Message History

You are confused.
Sigmund casts a spell.
Sigmund flickers and vanishes!
Deactivating autopickup; reactivate with Ctrl-A.
You're too confused to move!
You're too confused to move!
You feel less confused.
A puff of flame appears from out of thin air!
The puff of flame hits you but does no damage.
A puff of flame appears from out of thin air!
The puff of flame hits you!
A magic dart appears from out of thin air!
The magic dart hits you but does no damage.
There is a stone staircase leading down here.
You hear some strange, mumbled words.
Something tries to affect you, but you resist.
You climb downwards.
Reactivating autopickup.
The orc shouts!
The orc priest shouts!
The orc shouts! x3; You hear a shout! x2
There is a stone staircase leading up here.
The orc priest closely misses you.
You climb upwards.
Level annotation: Sigmund Something hits you.
Deactivating autopickup; reactivate with Ctrl-A.
There is a stone staircase leading down here.
It was a potion of invisibility.
You fade into invisibility!
The orc priest barely misses you. The orc priest misses you.
A magic dart appears from out of thin air!
The magic dart hits you. The orc priest completely misses you.
There is a stone staircase leading up here.
There is a stone staircase leading up here.
A magic dart appears from out of thin air!
The magic dart hits you.
* * * LOW HITPOINT WARNING * * *
The orc priest mumbles some strange prayers to Beogh against you.
Beogh smites you!
You die...

.......###..........#
.......###..........#
.......##........######
.......##.............# . .
....#####..####..#########.###+#.
....#####..# #........#.. .......
...........# #..........# #.#....
...........###.....##.#.# #.#....
......###.......@####.#.###..#+#.
.###....#..###.....{.............
........+..........o......>......
.###....#..###.................#.
....)...#..###.####.#............
.####.###.>.........#.#.##..#..#.
...........###.####.#.#.##..##.#.
.###...........##...........##...
.....[####.########.###.##..##...


You could see an orc priest.

Vanquished Creatures
  2 adders (D:2)
  A worm (D:2)
  A dart slug (D:2)
  4 ball pythons (D:1)
  3 endoplasms (D:1)
  2 giant cockroaches (D:1)
  2 goblins
  A hobgoblin (D:2)
  6 jackals (D:1)
  A kobold (D:1)
  A quokka (D:1)
  2 bats (D:1)
  2 frilled lizards
  3 rats
31 creatures vanquished.

Notes
Turn   | Place    | Note
-------+----------+-------------------------------------------
     0 | D:1      | Analysis the Gargoyle Berserker began the quest for the
                  | Orb.
     0 | D:1      | Reached XP level 1. HP: 14/14 MP: 1/1
   267 | D:1      | Reached XP level 2. HP: 19/19 MP: 2/2
   293 | D:1      | Found a faded altar of an unknown god.
   826 | D:1      | Reached XP level 3. HP: 19/23 MP: 3/3
   897 | D:1      | Found Zifeaxuwn's Weapon Shop.
  1266 | D:2      | Reached ** piety under Trog
  1550 | D:2      | Reached skill level 4 in Maces & Flails
  1550 | D:2      | Reached XP level 4. HP: 29/29 MP: 4/4
  1655 | D:2      | Noticed Sigmund
  1696 | D:2      | Killed from afar by an orc priest

Illustrated notes

Levels and vault maps discovered:
D:1:      minmay_arrival_radiant_lines, layout_basic, serial_shops,
          nicolae_shop_bloodbath_and_beyond, shapermc_ecumenical_altar_pompeii,
          minmay_misc_feat_chi
D:2:      layout_basic, uniq_sigmund
D:3:      layout_basic, nicolae_sif_muna_little_library,
          gammafunk_temple_overflow_pools, uniq_grinder

Skill      XL: |  1  2  3 |
---------------+----------+-----
Maces & Flails | 4 |  4.0
Fighting       | |  3.8
Armour         | |  2.9
Dodging        | |  1.5

Action                   |  1- 3 |  4- 6 || total
-------------------------+-------+-------++-------
Melee: Mace              |   107 |       ||   107
  Use: Potion            |       |     1 ||     1
Armor: Animal skin       |    21 |       ||    21
       Ring mail         |    39 |     2 ||    41
Dodge: Dodged            |    51 |     4 ||    55

Table legend: (Time is in decaauts)
 A = Elapsed time spent in this place.
 B = Non-inter-level travel time spent in this place.
 C = Inter-level travel time spent in this place.
 D = Time resting spent in this place.
 E = Time spent auto-exploring this place.
 F = Levels seen in this place.
 G = Mean time per level.
                   A        B        C        D        E       F      G
               +--------+--------+--------+--------+--------+-----+--------+
         Total |   1720 |   1692 |     28 |    377 |    923 |   3 |  573.3 |
       Dungeon |   1720 |   1692 |     28 |    377 |    923 |   3 |  573.3 |
               +--------+--------+--------+--------+--------+-----+--------+

Top non-repeatable levels by time:
     D:1: 1174 daAuts
     D:2: 543 daAuts
     D:3: 1 daAuts
